 Dungeon Crawl Stone Soup version 0.21-a0-504-g2eda330 (webtiles) character file.

130 slep the Poker (level 4, -1/37 HPs)
             Began as a Demonspawn Monk on Nov 25, 2017.
             Slain by a gnoll
             ... wielding a +0 halberd
              (4 damage)
             ... on level 3 of the Dungeon.
             The game lasted 00:06:25 (1797 turns).

slep the Poker (Demonspawn Monk)                    Turns: 1797, Time: 00:06:26

Health: -1/37      AC:  8    Str: 16    XL:     4   Next: 90%
Magic:  4/4        EV:  8    Int: 12    God:
Gold:   79         SH:  0    Dex: 16    Spells: 3/3 levels left

rFire    . . .     SeeInvis .   a - +0 spear
rCold    . . .     Gourm    .   (no shield)
rNeg     . . .     Faith    .   h - +0 chain mail
rPois    .         Spirit   .   (no helmet)
rElec    .         Reflect  .   (no cloak)
rCorr    .         Harm     .   (no gloves)
MR       .....                  (no boots)
Stlth    ..........             (no amulet)
HPRegen  0.12/turn              (no ring)
MPRegen  0.09/turn              (no ring)

@: mighty
A: claws 1, powered by pain 1
a: no special abilities


You were on level 3 of the Dungeon.
You were not hungry.

You visited 1 branch of the dungeon, and saw 3 of its levels.

You collected 79 gold pieces.

Inventory:

Hand Weapons
 a - a +0 spear (weapon)
Armour
 b - a +0 robe
 h - a +0 chain mail (worn)
Scrolls
 e - a scroll of amnesia {unknown}
 g - a scroll of enchant weapon {unknown}
 k - a scroll of immolation {unknown}
 m - 2 scrolls of identify {unknown}
 n - 3 scrolls of noise {unknown}
 p - 2 scrolls of fear {unknown}
Potions
 d - 2 potions of curing
 f - a potion of brilliance {unknown}
 i - a potion of lignification {unknown}
 j - a potion of haste {unknown}
 l - a potion of might
 q - a potion of invisibility {unknown}
Comestibles
 c - a bread ration
 o - a meat ration
 r - 6 chunks of flesh


   Skills:
 + Level 3.6 Fighting
 + Level 3.8 Polearms
 + Level 1.7 Armour
 + Level 3.0 Dodging
 + Level 2.1 Stealth


You had 3 spell levels left.
You didn't know any spells.

Dungeon Overview and Level Annotations

Branches:
Dungeon (3/15)

Altars:
Makhleb
Xom


Innate Abilities, Weirdness & Mutations

You have sharp fingernails.
You sometimes gain a little power by taking damage.


Message History

The gnoll hits you from afar with a halberd!
* * * LOW HITPOINT WARNING * * *
The gnoll hits you but does no damage.
You hit the gnoll.
The gnoll is almost dead.
The gnoll completely misses you.
The gnoll hits you from afar with a halberd.
* * * LOW HITPOINT WARNING * * *
You hit the gnoll.
You kill the gnoll!
The gnoll hits you but does no damage. The gnoll hits you with a halberd!
* * * LOW HITPOINT WARNING * * *
Items here: )) †† a whip; a flail; a gnoll corpse x2
You closely miss the gnoll. You hit the gnoll.
The gnoll is heavily wounded.
The gnoll hits you with a halberd.
You die...

#.###..#.....#.......
#.# #..###.##########
#<# #..# #...
#.###..#####.#
#.###.........# .#
#..........##[
########.### #.# #@#
##g####.# ##.......#
#..#####.... #..# #
#..# #..# #..# #...


You could see a gnoll.

Vanquished Creatures
  An orc priest (D:3)
  2 gnolls (D:3)
  2 adders (D:2)
  An ooze (D:2)
  2 dart slugs (D:1)
  3 leopard geckos
  5 orcs (D:3)
  2 giant cockroaches
  3 goblins
  7 hobgoblins
  2 jackals (D:1)
  6 kobolds
  A quokka (D:2)
  2 bats
  A frilled lizard (D:2)
  8 rats
48 creatures vanquished.

Notes
Turn   | Place    | Note
-------+----------+-------------------------------------------
     0 | D:1      | slep the Demonspawn Monk began the quest for the Orb.
     0 | D:1      | Reached XP level 1. HP: 18/18 MP: 1/1
   154 | D:1      | Gained mutation: You have sharp fingernails. [demonic ancestry]
   154 | D:1      | Reached XP level 2. HP: 14/24 MP: 2/2
   550 | D:1      | You fall through a shaft!
   571 | D:2      | Gained mutation: You sometimes gain a little power by taking damage. [demonic ancestry]
   571 | D:2      | Reached XP level 3. HP: 9/29 MP: 3/3
   773 | D:2      | Found a burning altar of Makhleb.
   779 | D:2      | Found a shimmering altar of Xom.
  1512 | D:2      | Reached XP level 4. HP: 30/36 MP: 4/4
  1645 | D:3      | Reached skill level 1 in Armour
  1797 | D:3      | Slain by a gnoll

Vault maps used:
D:1:      dpeg_arrival_ternary
D:2:      minitemple
D:3:      minmay_wonky_spiral, first_bread

Skill      XL: |  1  2  3  4 |
---------------+-------------+-----
Polearms       | 3 |  3.8
Dodging        | 3 |  3.0
Stealth        | 2 |  2.1
Armour         | 1 |  1.7
Fighting       | |  3.6

Action                   |  1- 3 |  4- 6 || total
-------------------------+-------+-------++-------
Melee: Spear             |   188 |    51 ||   239
  Use: Potion            |       |     2 ||     2
 Stab: Sleeping          |     4 |       ||     4
  Eat: Chunk             |     1 |     2 ||     3
Armor: Robe              |     5 |       ||     5
       Chain mail        |    62 |    14 ||    76
Dodge: Dodged            |    44 |    16 ||    60

Table legend:
 A = Spawn XP
 B = Non-spawn XP
 C = Spawn XP percentage of total XP
 D = Spawn monster count
 E = Non-spawn monster count
 F = Spawn count percentage of total count
 G = Total turns spent on level
                    A         B        C        D         E        F      G
               +---------+---------+-------+---------+---------+-------+---------
         Total |       0 |     187 |   0.0 |       0 |      48 |   0.0 |  1797
               +---------+---------+-------+---------+---------+-------+---------
           D:1 |       0 |      39 |   0.0 |       0 |      21 |   0.0 |   608
           D:2 |       0 |      59 |   0.0 |       0 |      17 |   0.0 |   995
           D:3 |       0 |      89 |   0.0 |       0 |      10 |   0.0 |   194
               +---------+---------+-------+---------+---------+-------+---------
